 Dungeon Crawl Stone Soup version 0.28-a0-422-gd71735cc25 (webtiles) character file.

Game seed: 8058928475824084895

4071 Rennog the Thaumaturge (level 10, 0/75 HPs)
             Began as a Djinni Fire Elementalist on Sept 8, 2021.
             Was a High Priest of Ignis.
             Shot with an arrow by a centaur (8 damage)
             ... on level 9 of the Dungeon.
             The game lasted 00:25:02 (11366 turns).

Rennog the Thaumaturge (Djinni Fire Elementalist)  Turns: 11366, Time: 00:25:08

Health: 0/75       AC:  5    Str:  7    XL:     10   Next: 49%
Gold:   274        EV: 15    Int: 19    God:    Ignis [*****.] SH:  5 Dex: 15

rFire   + + +      SeeInvis .   h - +0 short sword
rCold   x . .      Faith    .   (no shield)
rNeg    . . .      Spirit   .   a - +0 robe
rPois   ∞          Reflect  +   (no helmet)
rElec   .          Harm     .   B - +2 cloak
rCorr   .          Rampage  .   (no gloves)
Will    +....                   (boots unavailable)
Stlth   ++........              i - amulet of reflection
HPRegen 0.22/turn               (no ring)
MPRegen 0.00/turn               (no ring)

@: flying
A: sickness immunity, fire resistance 2, cold vulnerability 1, float, innate
caster, hp casting, extra vitality 1
a: Renounce Religion, Sea of Fire, Foxfire Swarm, Rising Flame


You were on level 9 of the Dungeon.
You worshipped Ignis.
Ignis was extremely pleased with you.
You visited 2 branches of the dungeon, and saw 10 of its levels.

You collected 352 gold pieces.
You spent 78 gold pieces at shops.

Inventory:

Hand Weapons
 h - a +0 short sword (weapon)
Missiles
 k - 3 silver javelins
 z - 3 throwing nets
Armour
 a - a +0 robe (worn)
 B - a +2 cloak (worn)
Jewellery
 i - an amulet of reflection (around neck)
Wands
 b - a wand of digging (5)
 A - a wand of flame (29)
Scrolls
 c - 5 scrolls of teleportation
 f - a scroll of vulnerability {unknown}
 g - 2 scrolls of summoning
 j - a scroll of blinking {unknown}
 m - 5 scrolls of amnesia
 q - 3 scrolls of noise
 t - a scroll of fear {unknown}
 u - a scroll of magic mapping {unknown}
 v - a scroll of enchant weapon {unknown}
 y - 2 scrolls of immolation
 C - a scroll of identify
Potions
 d - a potion of flight {unknown}
 e - 2 potions of haste {unknown}
 l - a potion of lignification {unknown}
 n - 6 potions of curing
 o - 2 potions of heal wounds {unknown}
 p - a potion of might {unknown}
 r - a potion of degeneration {unknown}
 s - 2 potions of cancellation {unknown}
 w - a potion of attraction {unknown}
 x - a potion of ambrosia {unknown}


   Skills:
 + Level 7.5 Fighting
 + Level 7.0 Dodging
 - Level 1.5 Stealth
 * Level 8.7 Spellcasting


You had 4 spell levels left.
You knew the following spells:

 Your Spells              Type           Power      Damage    Failure   Level
a - Foxfire               Conj/Fire      100%       2x1d9     1%          1
b - Scorch                Fire           82%        2d9       1%          2
c - Conjure Flame         Conj/Fire      41%        6-21      1%          3
d - Inner Flame           Hex/Fire       41%        N/A       1%          3
e - Flame Wave            Conj/Fire      41%        3d8       2%          4
f - Pain                  Necr           100%       1d9       1%          1
g - Poisonous Vapours     Pois/Air       82%        N/A       1%          2
h - Frozen Ramparts       Ice            82%        1d10      1%          3
i - Call Canine Familiar  Summ           41%        N/A       1%          3
Your spell library was empty.

Dungeon Overview and Level Annotations

Branches:
Dungeon (9/15)             Temple (1/1) D:4            Lair (0/6) D:8
    Orc: D:9-12

Altars:
Ashenzari
Cheibriados
Dithmenos
Elyvilon
Fedhas
Gozag
Hepliaklqana
Kikubaaqudgha
Makhleb
Nemelex Xobeh
Okawaru
Qazlal
Ru
Sif Muna
Trog
Uskayaw
Vehumet
Wu Jian
Xom
Yredelemnul
The Shining One
Ignis

Shops:
D:2 ?*   D:8 !

Annotations:
D:2 Sigmund


Innate Abilities, Weirdness & Mutations

You are immune to sickness and miasma.
You are immune to poison.
Your flesh is very heat resistant. (rF++)
You are vulnerable to cold. (rC-)
You float through the air rather than walking.
You learn spells naturally, not from books.
Your magical power is your life essence.
You have superior vitality. (+4 HP)


Message History

The foxfire hits the centaur but does no damage.
The foxfire hits the wight.
The wight is heavily damaged.
The centaur shoots an arrow.
The arrow hits you!
Casting: Foxfire (safe; 1% risk of failure)
Confirm with . or Enter, or press ? or * to list all spells.
Casting: Flame Wave (dangerous; 2% risk of failure)
Press: ? - help, Dir - look around, f - activate A wave of flame ripples out!
The flame wave engulfs the wight!
You destroy the wight! (Press . to intensify the flame waves.)
The centaur shoots an arrow.
The arrow hits you.
* * * LOW HITPOINT WARNING * * *
The centaur shoots an arrow.
You reflect the arrow off an invisible shield around you!
The arrow barely misses the centaur.
Casting: Flame Wave (dangerous; 2% risk of failure)
Confirm with . or Enter, or press ? or * to list all spells.
Flames lash the centaur.
The centaur is heavily wounded.
The centaur's fire resistance burns away.
* * * LOW HITPOINT WARNING * * *
The centaur shoots an arrow.
The arrow closely misses you.
A wight comes into view. It is wielding a +0 morningstar.
The centaur shoots an arrow.
The arrow misses you.
There is an open door here.
Items here: )) [[ †.
Things that are here:
a +0 dagger; a +0 robe; an orc corpse The centaur shoots an arrow.
The arrow hits you!
* * * LOW HITPOINT WARNING * * *
Casting: Scorch (safe; 1% risk of failure)
Confirm with . or Enter, or press ? or * to list all spells.
Aiming: Pain (safe; 1% risk of failure)
Press: ? - help, Shift-Dir - straight line, f - centaur
Aim: a centaur, wielding a +0 shortbow and quivering arrows (heavily wounded, more vulnerable to fire, chance to affect: 84%)
The centaur writhes in agony!
* * * LOW HITPOINT WARNING * * *
The centaur shoots an arrow.
The arrow hits you!
You die...

########...z.#
#......#..)..#
#......#.?...#
#...##.#.....#
#...##.#.....#
#####......#)....# #.
...........#c....#
#.. ##......)).....#
#... #.....@.#.....#
#...###.......#.....#
+.............#######
#.......#######
#.......#
####.......#
#..........#
#..........#
#..........#


You could see a centaur (inflammable).

Vanquished Creatures
  Maggie (D:7)
  A hornet (D:5)
  Prince Ribbit (D:7)
  A wyvern (D:7)
  A steam dragon (D:7)
  A vampire mosquito (D:6)
  3 black bears (D:6)
  A sky beast (D:6)
  Purgy (D:4)
  2 orc warriors
  2 necrophages
  4 centaurs
  A kobold brigand (D:7)
  2 bullfrogs (D:6)
  A gnoll sergeant (D:8)
  A wyvern zombie (D:7)
  2 scorpions (D:6)
  A wyvern skeleton (D:7)
  2 water moccasin skeletons (D:6)
  3 killer bees (D:9)
  2 wights (D:9)
  An electric eel (D:7)
  3 howler monkeys
  A centaur zombie (D:8)
  2 hounds
  3 orc priests
  5 iguanas
  A scorpion zombie (D:5)
  7 orc wizards
  13 gnolls
  13 adders
  2 howler monkey skeletons
  3 shadow imps
  An adder skeleton (D:4)
  2 dart slugs
  20 orcs
  7 bats
  5 endoplasms
  A giant cockroach (D:1)
  3 goblins
  3 hobgoblins
  4 jackals (D:1)
  11 kobolds
  4 quokkas
  11 ball pythons
  5 frilled lizards
  2 rats (D:1)
167 creatures vanquished.

Vanquished Creatures (collateral kills)
  A wyvern skeleton (D:6)
  8 foxfires
9 creatures vanquished.

Vanquished Creatures (others)
  714 foxfires
  2 fungi (D:3)
  2 plants (D:7)
718 creatures vanquished.

Grand Total: 894 creatures vanquished

Notes
Turn   | Place    | Note
-------+----------+-------------------------------------------
     0 | D:1      | Rennog the Djinni Fire Elementalist began the quest for the
                  | Orb.
     0 | D:1      | Reached XP level 1. HP: 15/15 MP: 0/0
   327 | D:1      | Reached XP level 2. HP: 17/21 MP: 0/0
   860 | D:1      | Reached XP level 3. HP: 23/26 MP: 0/0
   860 | D:1      | Learned a level 1 spell: Pain
  1198 | D:1      | Reached skill level 3 in Spellcasting
  1267 | D:1      | Found a faded altar of an unknown god.
  1823 | D:1      | Reached skill level 1 in Fighting
  1958 | D:1      | Became a worshipper of Ignis, the Dying Flame
  2056 | D:2      | Found Ideola's Magic Scroll Boutique.
  2196 | D:2      | Found Nyckes's Assorted Antiques.
  2242 | D:2      | Noticed Sigmund
  2373 | D:2      | Reached XP level 4. HP: 22/32 MP: 0/0
  2926 | D:3      | Reached XP level 5. HP: 32/38 MP: 0/0
  2926 | D:3      | Learned a level 2 spell: Poisonous Vapours
  3248 | D:3      | Found a glowing silver altar of Zin.
  3358 | D:3      | Found a shimmering altar of Xom.
  3358 | D:3      | Found a broken altar of Ashenzari.
  3360 | D:3      | Found a shimmering altar of Xom.
  3900 | D:3      | Found a stormy altar of Qazlal.
  4386 | D:4      | Noticed Purgy
  4461 | D:4      | Reached XP level 6. HP: 37/43 MP: 0/0
  4628 | D:4      | Reached skill level 4 in Spellcasting
  4824 | D:4      | Found a broken altar of Ashenzari.
  4884 | D:4      | Found a staircase to the Ecumenical Temple.
  4893 | Temple   | Entered the Ecumenical Temple
  5000 | D:5      | Entered Level 5 of the Dungeon
  5042 | D:5      | Noticed a necrophage
  5051 | D:5      | Noticed a hornet
  5054 | D:5      | Killed a necrophage
  5055 | D:5      | Reached XP level 7. HP: 21/49 MP: 0/0
  5055 | D:5      | Learned a level 3 spell: Frozen Ramparts
  5107 | D:5      | Killed a hornet
  5650 | D:5      | Reached skill level 5 in Spellcasting
  5790 | D:5      | Found a hazy altar of Hepliaklqana.
  5920 | D:5      | Found an ornate altar of the Wu Jian Council.
  5975 | D:6      | Reached XP level 8. HP: 54/58 MP: 0/0
  6005 | D:6      | Reached skill level 5 in Dodging
  6209 | D:6      | Found a blossoming altar of Fedhas.
  6393 | D:6      | Reached skill level 6 in Spellcasting
  6444 | D:6      | Reached XP level 9. HP: 48/64 MP: 0/0
  6444 | D:6      | Learned a level 3 spell: Call Canine Familiar
  6450 | D:6      | Reached skill level 5 in Fighting
  7163 | D:6      | Found a bloodstained altar of Trog.
  7176 | D:6      | Reached skill level 7 in Spellcasting
  8475 | D:7      | Noticed Prince Ribbit
  8479 | D:7      | Noticed Maggie
  8490 | D:7      | Reached XP level 10. HP: 58/73 MP: 0/0
  8490 | D:7      | Killed Prince Ribbit
  8491 | D:7      | Reached skill level 8 in Spellcasting
  8507 | D:7      | Killed Maggie
  9683 | D:4      | Killed Purgy
 10982 | D:8      | Found a staircase to the Lair.
 11051 | D:8      | Found Pagusaji's Distillery.
 11056 | D:8      | Bought 2 potions of curing for 78 gold pieces
 11366 | D:9      | Shot with an arrow by a centaur

Illustrated notes

Levels and vault maps discovered:
D:1:      dpeg_arrival_long_road, layout_loops_ring,
          shapermc_ecumenical_altar_mp_urbaneastern
D:2:      layout_basic, serial_shops, nicolae_shop_statue_plus, shop_fountains,
          uniq_sigmund
D:3:      layout_loops_ring, doesnt_xom_only_xom,
          mainiacjoe_overflow_surrounded_room, chequers_serial_rivers_micro_d,
          minmay_shallow_snake_nest
D:4:      layout_loops_ring, mainiacjoe_overflow_catwalk,
          nicolae_overflow_hidden_temple, minmay_temple_entry_glassed_door,
          kennysheep_generic_room_2, uniq_purgy
D:5:      layout_rooms, mainiacjoe_overflow_brackets,
          nicolae_wu_jian_immortal_techniques, minmay_crossroads
D:6:      cheibrodos_barr_body, layout_basic, trog_ov_bears_minmay,
          fedhas_bush_and_centaur_altar
D:7:      layout_basic, nicolae_kikubaaqudgha_miasma_corner,
          minmay_misc_feat_cross, serial_bayou_ford_a, uniq_maggie,
          uniq_prince_ribbit1
D:8:      layout_rooms, lair_entry_dummy, serial_shops, kennysheep_little_box
D:9:      layout_stronghold, uniq_pikel, uniq_erolcha, uniq_joseph
Temple:   nicolae_temple_x_marks_the_god

Skill      XL: |  1  2  3  4  5  6  7  8  9 10 |
---------------+-------------------------------+-----
Spellcasting   | 3 4 5 6 7 8 |  8.7
Fighting       | 1 2 3 4 6 7 |  7.5
Dodging        | 3 4 6 7 |  7.0
Stealth        | |  1.5

Action                   |  1- 3 |  4- 6 |  7- 9 | 10-12 || total
-------------------------+-------+-------+-------+-------++-------
Melee: Unarmed           |     1 |     1 |       |       ||     2
       Short sword       |       |    16 |       |       ||    16
 Cast: Foxfire           |   111 |    96 |   162 |   104 ||   473
       Scorch            |     2 |    28 |    26 |    38 ||    94
       Inner Flame       |       |     2 |     1 |       ||     3
       Conjure Flame     |       |     1 |     1 |       ||     2
       Poisonous Vapours |       |       |     2 |       ||     2
       Frozen Ramparts   |       |       |     4 |     2 ||     6
       Flame Wave        |       |       |     3 |     1 ||     4
       Call Canine Famil |       |       |     3 |       ||     3
       Pain              |       |       |       |     3 ||     3
  Use: Scroll            |       |       |     2 |     5 ||     7
Armor: Robe              |     2 |    12 |     3 |     3 ||    20
Dodge: Dodged            |     6 |    42 |    33 |    14 ||    95
Block: Other             |       |    15 |    16 |     6 ||    37
       Reflection        |       |       |     5 |     2 ||     7

Table legend: (Time is in decaauts)
 A = Elapsed time spent in this place.
 B = Non-inter-level travel time spent in this place.
 C = Inter-level travel time spent in this place.
 D = Time resting spent in this place.
 E = Time spent auto-exploring this place.
 F = Levels seen in this place.
 G = Mean time per level.
                   A        B        C        D        E       F      G
               +--------+--------+--------+--------+--------+-----+--------+
         Total |  11374 |  10666 |    708 |   1260 |   8145 |  10 | 1137.4 |
       Dungeon |  11309 |  10662 |    647 |   1260 |   8145 |   9 | 1256.6 |
        Temple |     64 |      3 |     61 |      0 |      0 |   1 |   64.0 |
               +--------+--------+--------+--------+--------+-----+--------+

Top non-repeatable levels by time:
     D:6: 2102 daAuts
     D:1: 2005 daAuts
     D:7: 1804 daAuts
     D:4: 1544 daAuts
     D:3: 1270 daAuts
     D:5: 972 daAuts
     D:8: 727 daAuts
     D:2: 696 daAuts
     D:9: 185 daAuts
  Temple: 64 daAuts
